 Dungeon Crawl Stone Soup version 0.21.1-1-g345015f (webtiles) character file.

20547 pk666 the Thaumaturge (level 12, -13/61 (62) HPs)
             Began as a Deep Elf Wizard on Feb 12, 2018.
             Was an Elder of Vehumet.
             Shot with an arrow by Nessos (15 damage)
             ... on level 4 of the Lair of Beasts.
             The game lasted 01:16:01 (17097 turns).

pk666 the Thaumaturge (Deep Elf Wizard)            Turns: 17097, Time: 01:16:12

HP:   -13/61 (62)   AC:  8    Str:  7    XL:     12   Next: 46%
MP:   26/31         EV: 19    Int: 29    God:    Vehumet [****..]
Gold: 689           SH:  0    Dex: 13    Spells: 19/38 levels left

rFire    + . .     SeeInvis .   a - staff of wizardry
rCold    . . .     Gourm    .   (no shield)
rNeg     . . .     Faith    .   s - +1 robe {rF+}
rPois    +         Spirit   .   m - +0 hat
rElec    .         Reflect  .   N - +1 cloak
rCorr    .         Harm     .   Z - +1 pair of gloves {Str+3}
MR       ++...                  I - +0 pair of boots
Stlth    ++........             q - amulet of regeneration
HPRegen  0.60/turn              t - ring of protection from magic
MPRegen  0.22/turn              x - ring of poison resistance

@: lethally poisoned (-13 -> -20)
A: no striking features
a: Renounce Religion


You were on level 4 of the Lair of Beasts.
You worshipped Vehumet.
Vehumet was greatly pleased with you.
You were not hungry.

You visited 3 branches of the dungeon, and saw 14 of its levels.

You collected 689 gold pieces.

Inventory:

Hand Weapons
 b - a +1 dagger of venom
Missiles
 v - 4 javelins (quivered)
Armour
 m - a +0 hat (worn)
 s - a +1 robe of fire resistance (worn)
 I - a +0 pair of boots (worn)
 K - a +0 robe of magic resistance
 N - a +1 cloak (worn)
 Z - a +1 pair of gloves of strength (worn)
Magical Staves
 a - an uncursed staff of wizardry (weapon)
Jewellery
 q - an amulet of regeneration (around neck)
 t - a ring of protection from magic (left hand)
 x - a ring of poison resistance (right hand)
 Y - an uncursed ring of flight
Wands
 r - a wand of clouds (6)
 E - a wand of disintegration (25)
 J - a wand of paralysis (28)
 M - a wand of iceblast (23)
 Q - a wand of polymorph (12)
 S - a wand of digging (13)
 T - a wand of enslavement (4)
Scrolls
 f - 3 scrolls of identify
 j - 2 scrolls of magic mapping {unknown}
 k - a scroll of noise {unknown}
 l - 7 scrolls of remove curse
 o - 10 scrolls of teleportation
 w - 2 scrolls of immolation {unknown}
 y - 2 scrolls of fog {unknown}
 C - 5 scrolls of enchant weapon {unknown}
 F - 3 scrolls of enchant armour {unknown}
 G - a scroll of fear {unknown}
 H - a scroll of random uselessness {unknown}
 L - 2 scrolls of amnesia {unknown}
 U - a scroll of silence {unknown}
 V - a scroll of vulnerability {unknown}
Potions
 e - 4 potions of flight
 g - 4 potions of haste
 h - 4 potions of magic {unknown}
 i - 3 potions of mutation
 n - 2 potions of berserk rage
 p - 7 potions of curing
 u - 2 potions of heal wounds
 z - 3 potions of cancellation
 A - 2 potions of lignification
 D - 2 potions of ambrosia {unknown}
 O - a potion of invisibility {unknown}
 R - a potion of brilliance {unknown}
 X - a potion of agility
Books
 c - a book of Minor Magic

   Spells                             Type                      Level
   a - Magic Dart                     Conjuration                  1
   b - Blink                          Translocation                2
   c - Call Imp                       Summoning                    2
   d - Slow                           Hexes                        2
   e - Conjure Flame                  Conjuration/Fire             3
   f - Mephitic Cloud                 Conjuration/Poison/Air       3
 B - a book of Flames

   Spells                             Type                      Level
   a - Flame Tongue                   Conjuration/Fire             1
   b - Throw Flame                    Conjuration/Fire             2
   c - Conjure Flame                  Conjuration/Fire             3
   d - Inner Flame                    Hexes/Fire                   3
   e - Sticky Flame                   Conjuration/Fire             4
   f - Fireball                       Conjuration/Fire             5
 W - a book of Beasts

   Spells                             Type                      Level
   a - Summon Butterflies             Summoning                    1
   b - Call Canine Familiar           Summoning                    3
   c - Summon Ice Beast               Ice/Summoning                4
   d - Summon Mana Viper              Hexes/Summoning              5
   e - Summon Hydra                   Summoning                    7
Comestibles
 d - 22 rations
 P - 5 chunks of flesh


   Skills:
 - Level 1.8 Fighting
 - Level 1.1 Staves
 * Level 11.3 Dodging
 - Level 2.4 Stealth
 + Level 13.9 Spellcasting
 + Level 11.4 Conjurations
   Level 1.1 Summonings
 - Level 3.0 Translocations
 + Level 10.8 Fire Magic
 - Level 2.1 Air Magic
 - Level 3.0 Poison Magic


You had 19 spell levels left.
You knew the following spells:

 Your Spells              Type           Power        Failure   Level  Hunger
a - Magic Dart            Conj           ####         0%          1    None
b - Blink                 Tloc           N/A          1%          2    None
c - Shock                 Conj/Air       ####         1%          1    None
d - Conjure Flame         Conj/Fire      ######..     1%          3    None
e - Fireball              Conj/Fire      ######....   1%          5    None
f - Force Lance           Conj/Tloc      ######..     1%          4    None
z - Mephitic Cloud        Conj/Pois/Air  ######..     1%          3    None


Dungeon Overview and Level Annotations

Branches:
Dungeon (9/15)             Temple (1/1) D:4            Lair (4/6) D:9
  Swamp: Lair:2-4    Shoals: Lair:2-4     Snake: Lair:2-4    Spider: Lair:2-4
    Orc: D:9-12

Altars:
Fedhas
Hepliaklqana
Kikubaaqudgha
Makhleb
Okawaru
Qazlal
Trog
Vehumet
Xom
Yredelemnul

Shops:
D:4 }

Annotations:
Lair:4 Nessos


Message History

Casting: Force Lance
Confirm with . or Enter, or press ? or * to list all spells.
You blink.
Nessos shoots an arrow.
The arrow hits you!!
* * * LOW HITPOINT WARNING * * *
The arrow burns you.
You are lethally poisoned!
* * * LOW HITPOINT WARNING * * *
That item cannot be evoked!
Casting: Blink
Confirm with . or Enter, or press ? or * to list all spells.
Aiming: Mephitic Cloud
Press: ? - help, Shift-Dir - straight line, f - Nessos
Aim: Nessos, wielding a longbow of flaming and wearing a centaur barding The ball explodes into a vile cloud!
The stinking cloud engulfs Nessos.
* * * LOW HITPOINT WARNING * * *
You feel sick.
You hear an angry hiss.
Nessos is engulfed in noxious fumes.
Nessos shoots an arrow.
The arrow hits you!
You die...

. # .P#.##
....§c#####
....§§..##P##
.......@.P..##
...........#.#
...#........##
. #.#.....§.##
##
#####......##.#
#........#
##.P.....###
####......#
##.....##


You could see Nessos.

Vanquished Creatures
  3 hydras (Lair:3)
  A two-headed ogre (D:8)
  An oklob plant (Lair:3)
  A black mamba (Lair:1)
  Joseph (D:7)
  6 spiny frogs
  9 komodo dragons
  A rime drake (Lair:4)
  A troll (D:9)
  2 hornets (D:9)
  6 hippogriffs
  A polar bear (Lair:3)
  5 blink frogs (Lair:3)
  20 yaks
  The ghost of Monsterracer the Skirmisher, an amateur DrWn (D:3)
  A basilisk (D:9)
  A human (D:8)
  A steam dragon (D:8)
  3 hogs (D:8)
  A black bear (D:6)
  4 water moccasins
  2 orc warriors
  8 porcupines
  A sky beast (D:5)
  2 ice beasts
  A necrophage (D:6)
  5 ogres
  2 centaurs
  10 wolves
  5 crocodiles
  2 big kobolds (D:7)
  7 bullfrogs
  3 scorpions
  4 wights (D:8)
  An electric eel (Lair:1)
  A howler monkey (D:6)
  A centaur zombie (D:6)
  2 crimson imps
  A jelly (D:7)
  5 orc priests
  2 hounds
  3 centaur skeletons
  A bullfrog skeleton (D:6)
  Crazy Yiuf (D:5)
  Jessica (D:2)
  Terence (D:2)
  3 iguanas
  6 orc wizards
  5 worker ants
  A hound zombie (D:6)
  4 hound skeletons
  2 howler monkey skeletons (D:7)
  13 adders
  3 gnolls (D:8)
  3 shadow imps (D:7)
  An ooze (D:4)
  An adder skeleton (D:8)
  A worm (D:2)
  5 dart slugs
  3 leopard geckos
  33 orcs
  3 giant cockroaches
  5 goblins
  5 hobgoblins
  4 jackals (D:9)
  2 quokkas
  11 bats
  3 frilled lizards
  21 kobolds
  3 leopard gecko skeletons
  A leopard gecko zombie (D:6)
  16 rats
  A bush (D:9)
  A fungus (Lair:1)
302 creatures vanquished.

Vanquished Creatures (others)
  A bush (D:9)
  5 fungi
  18 plants
24 creatures vanquished.

Grand Total: 326 creatures vanquished

Notes
Turn   | Place    | Note
-------+----------+-------------------------------------------
     0 | D:1      | pk666 the Deep Elf Wizard began the quest for the Orb.
     0 | D:1      | Reached XP level 1. HP: 10/10 MP: 7/7
   320 | D:1      | Reached XP level 2. HP: 15/15 MP: 6/9
  1083 | D:2      | Noticed Jessica
  1089 | D:2      | Killed Jessica
  1089 | D:2      | Reached skill level 5 in Spellcasting
  1089 | D:2      | Reached XP level 3. HP: 4/19 MP: 3/11
  1339 | D:2      | Learned a level 2 spell: Blink
  1343 | D:2      | Learned a level 3 spell: Mephitic Cloud
  1347 | D:2      | Learned a level 3 spell: Conjure Flame
  1808 | D:2      | Noticed Terence
  1844 | D:1      | Reached XP level 4. HP: 10/24 MP: 0/13
  2287 | D:2      | Found an iron altar of Okawaru.
  2294 | D:2      | Found a blossoming altar of Fedhas.
  2298 | D:2      | Found a radiant altar of Vehumet.
  2363 | D:2      | Became a worshipper of Vehumet
  2438 | D:2      | Killed Terence
  2438 | D:2      | Reached skill level 1 in Air Magic
  2438 | D:2      | Reached skill level 1 in Poison Magic
  2983 | D:3      | Reached skill level 1 in Fire Magic
  3150 | D:3      | Noticed Monsterracer's ghost (amateur DrWn)
  3159 | D:3      | Killed Monsterracer's ghost
  3159 | D:3      | Reached XP level 5. HP: 22/28 MP: 6/15
  3159 | D:3      | Reached XP level 6. HP: 25/32 MP: 6/16
  3597 | D:3      | Reached skill level 6 in Spellcasting
  3837 | D:3      | Reached * piety under Vehumet
  3837 | D:3      | Offered knowledge of Shock by Vehumet.
  3985 | D:3      | Learned a level 1 spell: Shock
  4360 | D:4      | Found Xidegauxa's Gadget Shoppe.
  4716 | D:4      | Found a hazy altar of Hepliaklqana.
  4872 | D:4      | Found a staircase to the Ecumenical Temple.
  4879 | Temple   | Entered the Ecumenical Temple
  5005 | D:4      | Found a basalt altar of Yredelemnul.
  5006 | D:4      | Found a stormy altar of Qazlal.
  5006 | D:4      | Found an ancient bone altar of Kikubaaqudgha.
  5008 | D:4      | Found a shimmering altar of Xom.
  5009 | D:4      | Found a burning altar of Makhleb.
  5205 | D:5      | Entered Level 5 of the Dungeon
  5331 | D:5      | Reached XP level 7. HP: 36/36 MP: 11/18
  5385 | D:5      | Found a runed door.
  5587 | D:5      | Reached skill level 5 in Dodging
  5637 | D:5      | Reached skill level 7 in Spellcasting
  6248 | D:5      | Noticed Crazy Yiuf
  6255 | D:5      | Killed Crazy Yiuf
  6255 | D:5      | Reached skill level 5 in Conjurations
  6375 | D:5      | Reached XP level 8. HP: 41/41 MP: 15/21
  6743 | D:6      | Reached skill level 1 in Staves
  6771 | D:6      | Reached skill level 8 in Spellcasting
  6778 | D:6      | Reached skill level 1 in Fighting
  7477 | D:6      | Reached ** piety under Vehumet
  7477 | D:6      | Offered knowledge of Freeze by Vehumet.
  7574 | D:6      | Found Pimoetut's Assorted Antiques.
  8066 | D:6      | Learned a level 5 spell: Fireball
  8448 | D:7      | Reached skill level 5 in Fire Magic
  8448 | D:7      | Reached XP level 9. HP: 48/48 MP: 9/23
  8697 | D:7      | Reached skill level 9 in Spellcasting
  8827 | D:7      | Noticed Joseph
  8860 | D:6      | Offered knowledge of Ignite Poison by Vehumet.
  9000 | D:7      | Killed Joseph
  9456 | D:7      | Reached *** piety under Vehumet
  9617 | D:8      | Noticed a two-headed ogre
  9623 | D:8      | Killed a two-headed ogre
  9623 | D:8      | Reached skill level 10 in Spellcasting
  9623 | D:8      | Reached XP level 10. HP: 52/52 MP: 5/26
 10178 | D:8      | Offered knowledge of Force Lance by Vehumet.
 10178 | D:8      | Reached skill level 11 in Spellcasting
 10368 | D:8      | Learned a level 4 spell: Force Lance
 11023 | D:9      | Found a bloodstained altar of Trog.
 11367 | D:9      | Reached **** piety under Vehumet
 11375 | D:9      | Reached XP level 11. HP: 56/56 MP: 3/28
 11529 | D:9      | Offered knowledge of Olgreb's Toxic Radiance by Vehumet.
 11764 | D:9      | Found a staircase to the Lair.
 12179 | Lair:1   | Entered Level 1 of the Lair of Beasts
 12264 | Lair:1   | Reached skill level 12 in Spellcasting
 12916 | Lair:1   | Reached skill level 10 in Dodging
 13032 | Lair:1   | Reached skill level 10 in Conjurations
 14750 | Lair:3   | Noticed an eight-headed hydra
 15075 | Lair:3   | Reached skill level 13 in Spellcasting
 15092 | Lair:3   | Noticed a five-headed hydra
 15094 | Lair:3   | Killed a five-headed hydra
 15094 | Lair:3   | Reached skill level 10 in Fire Magic
 15233 | Lair:3   | Killed an eight-headed hydra
 15238 | Lair:3   | Reached XP level 12. HP: 61/61 MP: 2/31
 15808 | Lair:3   | Noticed an eight-headed hydra
 16022 | Lair:3   | Killed an eight-headed hydra
 17094 | Lair:4   | Noticed Nessos
 17097 | Lair:4   | HP: 2/61 [poisoned by Nessos]
 17097 | Lair:4   | Shot with an arrow by Nessos

Skill      XL: |  1  2  3  4  5  6  7  8  9 10 11 12 |
---------------+-------------------------------------+-----
Conjurations   | 2 3 4 5 6 8 9 10 11 | 11.4
Dodging        | 3 4 5 6 9 10 11 | 11.3
Spellcasting   | 5 6 7 8 10 11 13 | 13.9
Air Magic      | 1 2 |  2.1
Poison Magic   | 2 3 |  3.0
Fire Magic     | 1 3 5 7 8 10 | 10.8
Staves         | 1 |  1.1
Fighting       | 1 |  1.8
Translocations | 3 |  3.0
Stealth        | |  2.4
Summonings     | |  1.1

Action                   |  1- 3 |  4- 6 |  7- 9 | 10-12 || total
-------------------------+-------+-------+-------+-------++-------
Melee: Dagger            |    31 |    11 |    57 |    25 ||   124
       Staff             |       |       |       |     6 ||     6
 Cast: Magic Dart        |    79 |   165 |   257 |    97 ||   598
       Mephitic Cloud    |     1 |     7 |    23 |     7 ||    38
       Conjure Flame     |       |     8 |    28 |    22 ||    58
       Shock             |       |     3 |       |       ||     3
       Blink             |       |       |     2 |    20 ||    22
       Fireball          |       |       |     5 |   142 ||   147
       Force Lance       |       |       |       |    20 ||    20
  Use: Potion            |     2 |       |       |       ||     2
       Scroll            |       |       |     1 |     9 ||    10
 Stab: Sleeping          |     2 |       |     1 |       ||     3
       Confused          |       |     1 |     3 |       ||     4
  Eat: Chunk             |     3 |    10 |    11 |    20 ||    44
       Ration            |       |       |     1 |     3 ||     4
Armor: Robe              |     4 |     3 |     8 |    14 ||    29
Dodge: Dodged            |    30 |    26 |    33 |    52 ||   141
